 Dungeon Crawl Stone Soup version 0.30-a0-760-g5a9884bb7c (webtiles) character file.

Game seed: 4310993447181811022

16 sircluck the Caller (level 2, -1/11 HPs)
             Began as a Felid Summoner on Feb 10, 2023.
             Killed from afar by a dart slug (3 damage)
             ... with a slug dart
             ... on level 1 of the Dungeon.
             The game lasted 00:04:09 (610 turns).

sircluck the Caller (Felid Summoner)                 Turns: 610, Time: 00:04:09

Health: -1/11      AC:  1    Str:  4    XL:     2   Next: 37%
Magic:  3/6        EV: 17    Int: 16    God:
Gold:   52         SH:  0    Dex: 16    Spells: 4/5 levels left
                                        Lives:  0   Deaths: 0

rFire   . . .      SeeInvis +    (weapon unavailable)
rCold   . . .      Faith    .    (shield unavailable)
rNeg    . . .      Spirit   .    (body armour unavailable)
rPois   .          Reflect  .    (helmet unavailable)
rElec   .          Harm     .    (cloak unavailable)
rCorr   .          Rampage  .    (gloves unavailable)
Will    .....                    (boots unavailable)
Stlth   ++                       (no amulet)
HPRegen 0.21/turn                (no ring)
MPRegen 0.10/turn                (no ring)

@: quick
A: very small, claws 1, fangs 3, see invisible, speed 1, shaggy fur 1, stealthy
paws, no weapons or thrown items, no armour, multi-lived
a: no special abilities


You were on level 1 of the Dungeon.
You visited 1 branch of the dungeon, and saw 1 of its levels.

You collected 52 gold pieces.

Inventory:

Scrolls
 b - a scroll of amnesia {unknown}
 d - a scroll of acquirement {unknown}
 e - a scroll of butterflies {unknown}
 f - a scroll of magic mapping {unknown}
 g - 2 scrolls of poison {unknown}
 i - a scroll of noise {unknown}
Potions
 a - a potion of magic
 c - a potion of mutation {unknown}
 h - a potion of might {unknown}


   Skills:
 + Level 3.0 Dodging
 + Level 2.8 Stealth
 + Level 0.1 Unarmed Combat
 + Level 2.0 Spellcasting
 + Level 4.4 Summonings


You had 4 spell levels left.
You knew the following spells:

 Your Spells              Type           Power      Damage    Failure   Level
a - Summon Small Mammal   Summ           60%        N/A       3%          1

Your spell library contained the following spells:

 Spells                   Type           Power      Damage    Failure   Level
 Call Imp                 Summ           15%        N/A       4%          2
 Call Canine Familiar     Summ           15%        N/A       10%         3
 Summon Guardian Golem    Hex/Summ       8%         N/A       24%         3
 Lesser Beckoning         Tloc           2%         N/A       30%         2
 Gell's Gravitas          Tloc           1%         N/A       52%         3
 Teleport Other           Tloc           1%         N/A       52%         3
 Summon Lightning Spire   Summ/Air       8%         N/A       63%         4


Dungeon Overview and Level Annotations

Branches:
Dungeon (1/15)

Altars:

Shops:
D:1 !


Innate Abilities, Weirdness & Mutations

You have sharp claws.
You have razor-sharp teeth.
You have supernaturally acute eyesight. (SInv)
You cover ground quickly. (Speed+)
You are covered in fur. (AC +1)
Your paws help you pounce on unaware monsters.
You are incapable of wielding weapons or throwing items.
You cannot wear armour.
You gain extra lives every three experience levels.


Message History

Casting: Summon Small Mammal (safe; 3% risk of failure)
Confirm with . or Enter, or press ? or * to list all spells.
Your quokka disappears in a puff of smoke!
Casting: Summon Small Mammal (safe; 3% risk of failure)
Confirm with . or Enter, or press ? or * to list all spells.
Your quokka disappears in a puff of smoke!
Your bat hits the hobgoblin but does no damage.
Your bat barely misses the hobgoblin.
The hobgoblin misses you.
The kobold throws a stone.
The stone barely misses your bat. The stone hits you.
The hobgoblin completely misses you.
Your bat hits the hobgoblin.
Your bat hits the hobgoblin but does no damage.
Your bat misses the hobgoblin.
Your bat closely misses the kobold.
The kobold misses your bat. The hobgoblin barely misses your bat.
Your bat hits the hobgoblin but does no damage.
Your bat closely misses the kobold.
Your bat misses the kobold.
The kobold throws a stone.
The stone barely misses you.
Your bat misses the kobold.
Your bat barely misses the hobgoblin.
The kobold throws a stone.
The stone misses your bat. The stone hits you.
The dart slug launches a dart at you. The slug dart hits you.
Ouch! That really hurt!
* * * LOW HITPOINT WARNING * * *
Your bat hits the hobgoblin. x2
The kobold hits your bat with a +0 short sword.
Your bat dies!
Your bat's corpse disappears in a puff of smoke!
Casting: Summon Small Mammal (safe; 3% risk of failure)
Confirm with . or Enter, or press ? or * to list all spells.
Your bat barely misses the hobgoblin. x2
Your bat hits the hobgoblin but does no damage.
The hobgoblin closely misses your bat. The hobgoblin closely misses your bat.
The kobold throws a stone.
The stone hits you.
* * * LOW HITPOINT WARNING * * *
Your bat hits the hobgoblin.
Your bat hits the hobgoblin but does no damage. x3
The dart slug launches a dart at you. The slug dart hits you.
You die...

............# #.##
#.........#
............# ###.#
#[........#
####........####...#
#.........#
............##[..###
###########
..##....##..#..###
..##.#........##
...#....###..##
..............#####
..........##.##.@.###
..........#..##.....#
..###.##.##.###.....#
..# #.##..#.###.....#
..###............K..#
...........>..wb....#
..###..........bg...#
### #...............#
# ##...............#
####


You could see a dart slug, a hobgoblin (distracted, ally target), a kobold and 2
friendly bats.

Vanquished Creatures
  A dart slug (D:1)
  A ball python (D:1)
  A bat (D:1)
  An endoplasm (D:1)
  A giant cockroach (D:1)
  A goblin (D:1)
  A hobgoblin (D:1)
  A rat (D:1)
8 creatures vanquished.

Vanquished Creatures (collateral kills)
  A ball python (D:1)
  2 bats (D:1)
  3 rats (D:1)
6 creatures vanquished.

Grand Total: 14 creatures vanquished

Notes
Turn   | Place    | Note
-------+----------+-------------------------------------------
     0 | D:1      | sircluck the Felid Summoner began the quest for the Orb.
     0 | D:1      | Reached XP level 1. HP: 7/7 MP: 4/4
    72 | D:1      | Found Oceb's Distillery.
   274 | D:1      | Reached XP level 2. HP: 11/11 MP: 6/6
   610 | D:1      | Killed from afar by a dart slug

Illustrated notes

Levels and vault maps discovered:
D:1:      lightli_arrival_statuegarden, layout_basic, serial_shops, shop,
          minmay_three_crescents

Skill      XL: |  1  2 |
---------------+-------+-----
Dodging        | 3 |  3.0
Stealth        | |  2.8
Unarmed Combat | |  0.1
Spellcasting   | |  2.0
Summonings     | |  4.4

Action                     || total
---------------------------++-------
  Melee: Unarmed           ||    37
         Bite              ||     7
   Cast: Summon Small Mamm ||    14
 Armour: Skin              ||     4
  Dodge: Dodged            ||    40

Table legend: (Time is in decaauts)
 A = Elapsed time spent in this place.
 B = Non-inter-level travel time spent in this place.
 C = Inter-level travel time spent in this place.
 D = Time resting spent in this place.
 E = Time spent auto-exploring this place.
 F = Levels seen in this place.
 G = Mean time per level.
                   A        B        C        D        E       F      G
               +--------+--------+--------+--------+--------+-----+--------+
         Total |    512 |    512 |      0 |      0 |    287 |   1 |  512.0 |
       Dungeon |    512 |    512 |      0 |      0 |    287 |   1 |  512.0 |
               +--------+--------+--------+--------+--------+-----+--------+

Top non-repeatable levels by time:
     D:1: 512 daAuts
